 Dungeon Crawl Stone Soup version 0.31-a0-145-g046c7d2549 (webtiles) character file.

Game seed: 2884599603615559989

7 gelatine the Trooper (level 1, -3/18 HPs)
             Began as a Demonspawn Fighter on June 4, 2023.
             Slain by a gnoll
             ... wielding a +0 whip
              (5 damage)
             ... on level 1 of the Dungeon.
             The game lasted 00:00:24 (244 turns).

gelatine the Trooper (Demonspawn Fighter)            Turns: 244, Time: 00:00:24

Health: -3/18      AC:  6    Str: 16    XL:     1   Next: 83%
Magic:  1/1        EV:  8    Int:  9    God:
Gold:   0          SH:  4    Dex: 12    Spells: 0/0 levels left

rFire   . . .        a - +0 war axe
rCold   . . .        c - +0 buckler
rNeg    . . .        b - +0 scale mail
rPois   .            (no helmet)
rElec   .            (no cloak)
rCorr   .            (no gloves)
SInv    .            (no boots)
Will    .....        (no amulet) Stlth
                     (no ring)
HPRegen 0.23/turn    (no ring)
MPRegen 0.07/turn

%: no passive effects
@: mighty
A: no striking features
a: no special abilities


You were on level 1 of the Dungeon.
You visited 1 branch of the dungeon, and saw 1 of its levels.

Inventory:

Hand Weapons
 a - a +0 war axe (weapon)
Armour
 b - a +0 scale mail (worn)
 c - a +0 buckler (worn)
Scrolls
 e - a scroll of identify {unknown}


   Skills:
 + Level 3.1 Fighting
 + Level 1.8 Axes
 + Level 2.8 Armour
 + Level 2.8 Shields


You couldn't memorise any spells.
You didn't know any spells.
Your spell library was empty.

Dungeon Overview and Level Annotations

Branches:
Dungeon (1/15)

Altars:


Message History

There is an open door here.
Found 3 stones.
A kobold comes into view. It is wielding a +3 whip.
The kobold shouts!
Found a scroll labelled PASSIU KYKI YFUU.
Found a stone staircase leading down.
The kobold closely misses you.
You closely miss the kobold. The kobold hits you with a +3 whip!
You miss the kobold. The kobold hits you with a +3 whip.
You block the kobold's attack.
You hit the kobold but do no damage. The kobold hits you with a +3 whip.
You hit the kobold but do no damage. The kobold closely misses you.
You block the kobold's attack.
You hit the kobold but do no damage. The kobold closely misses you.
You barely miss the kobold. The kobold closely misses you.
You slash the kobold!
You kill the kobold!
You see here a +3 whip.
HP restored.
e - a scroll labelled PASSIU KYKI YFUU A bat comes into view.
You completely miss the bat. The bat barely misses you. x2
The bat closely misses you.
A gnoll comes into view. It is wielding a +0 whip.
The gnoll shouts!
The bat hits you but does no damage. The bat closely misses you.
You hit the bat.
You kill the bat!
You barely miss the gnoll. The gnoll hits you with a +0 whip.
You closely miss the gnoll. The gnoll hits you with a +0 whip. x2
* * * LOW HITPOINT WARNING * * *
You feel very mighty all of a sudden. The gnoll hits you but does no damage.
You barely miss the gnoll. The gnoll hits you with a +0 whip.
* * * LOW HITPOINT WARNING * * *
You hit the gnoll.
The gnoll is heavily wounded.
The gnoll hits you with a +0 whip.
You die...

.. . # #. #.##. ###.#
......#.#
#.##..#.#.#####
......g........ #@#.#
#.#.# # .###.#.#.##.##
..............#
..(.......####.###.##.##
#.....#...# ## #.##.#
....#.#...# #.##.#
....#.....# #.##.#
....##....#
#####.##.#####.#


You could see a gnoll.

Vanquished Creatures
  3 jackals (D:1)
  2 bats (D:1)
  A kobold (D:1)
6 creatures vanquished.

Notes
Turn   | Place    | Note
-------+----------+-------------------------------------------
     0 | D:1      | gelatine the Demonspawn Fighter began the quest for the
                  | Orb.
     0 | D:1      | Reached XP level 1. HP: 18/18 MP: 1/1
   244 | D:1      | Slain by a gnoll

Illustrated notes

Levels and vault maps discovered:
D:1:      amcnicky_arrival_double_pillar, layout_basic, minmay_surrounded

Action                     || total
---------------------------++-------
  Melee: War axe           ||    16
    Use: Potion            ||     1
 Armour: Scale mail        ||     7
  Dodge: Dodged            ||     8
  Block: Buckler           ||     3

Table legend: (Time is in decaauts)
 A = Elapsed time spent in this place.
 B = Non-inter-level travel time spent in this place.
 C = Inter-level travel time spent in this place.
 D = Time resting spent in this place.
 E = Time spent auto-exploring this place.
 F = Levels seen in this place.
 G = Mean time per level.
                   A        B        C        D        E       F      G
               +--------+--------+--------+--------+--------+-----+--------+
         Total |    250 |    250 |      0 |      0 |    205 |   1 |  250.0 |
       Dungeon |    250 |    250 |      0 |      0 |    205 |   1 |  250.0 |
               +--------+--------+--------+--------+--------+-----+--------+

Top non-repeatable levels by time:
     D:1: 250 daAuts
